[Event "Team 45 45 League T72"]
[Site "Internet Chess Club"]
[Date "2017.04.24"]
[Round "6"]
[White "liujf"]
[Black "Aquaman"]
[Result "1/2-1/2"]
[WhiteElo "1658"]
[BlackElo "1361"]
[Opening "Pirc: classical, h3 system"]
[ECO "B06"]
[Time "17:18:42"]
[TimeControl "2700+45"]

1. e4 g6 2. d4 Bg7 3. Nf3 d6 4. h3 Nf6 5. Nc3 O-O 6. Bc4 Nbd7 7. O-O c6 8. Bf4
Nh5 9. Be3 b5 10. Bb3 a5 11. a3 a4 12. Ba2 Bb7 13. Qd2 Re8 14. Bh6 Bh8 15. g4
Ng7 16. h4 Nf6 17. Qg5 Bc8 18. Nh2 Qd7 19. f3 Ne6 20. Qe3 Qa7 21. Rad1 Bg7 22.
Bxg7 Kxg7 23. Kh1 Qc7 24. Rg1 Kh8 25. h5 Rg8 26. hxg6 Rxg6 27. f4 Rg7 28. f5 Ng5
29. Nf3 Nxf3 30. Qxf3 Bb7 31. g5 Nd7 32. Qh5 Nf8 33. Rd2 Nd7 34. Bxf7 Rf8 35.
Ba2 Nb6 36. Rh2 Nc4 37. g6 e6 38. gxh7 Rxg1+ 39. Kxg1 Qg7+ 40. Kh1 Qxd4 41. Qg6
Qg7 42. Qxe6 Bc8 43. Qh6 Qxh6 44. Rxh6 Rf7 45. Bxc4 bxc4 46. Nxa4 Bb7 47. Kg2 c5
48. Kg3 Bxe4 49. Kf4 Bxf5 50. Kg5 Bxc2 51. Nb6 Rf5+ 52. Kg4 Rf7 53. Nxc4 d5 54.
Ne3 Be4 55. a4 Rg7+ 56. Kf4 Rf7+ 57. Ke5 Re7+ 58. Kd6 Ra7 59. Nxd5 Ra6+ 60. Kxc5
Rxh6 61. Kd4 Bxh7 62. a5 Ra6 63. b4 Bg8 64. Kc5 Bxd5 65. Kxd5 Kg7 66. Kc4 Kf7
67. Kd4 Ke6 68. Kc5 Kd7 69. Kb5 Ra7 70. Kb6 Ra8 71. Kb7 Rc8 72. a6 Rc7+ 73. Kb8
Kc6 74. a7 Rxa7 75. Kxa7 Kb5 76. Kb7 Kxb4 {Game drawn because neither player has
mating material} 1/2-1/2

[Event "Team 45 45 League T72"]
[Site "Internet Chess Club"]
[Date "2017.04.28"]
[Round "6"]
[White "az2112"]
[Black "KnightmanAJ"]
[Result "1-0"]
[WhiteElo "1650"]
[BlackElo "1438"]
[Opening "Ruy Lopez: closed, Bogolyubov variation"]
[ECO "C91"]
[Time "20:24:22"]
[TimeControl "2700+45"]

1. e4 e5 2. Nf3 Nc6 3. Bb5 a6 4. Ba4 Nf6 5. O-O Be7 6. Re1 b5 7. Bb3 d6 8. c3
O-O 9. d4 Bg4 10. d5 Na5 11. Bc2 c5 12. Nbd2 Qb6 13. Nf1 Nh5 14. Ne3 Bxf3 15.
Qxf3 Nf6 16. Nf5 Rfe8 17. Qg3 g6 18. Nxe7+ Rxe7 19. Qh4 Kg7 20. Bh6+ Kg8 21.
Qxf6 Rb7 22. Qg7# {Black checkmated} 1-0

[Event "Team 45 45 League T72"]
[Site "Internet Chess Club"]
[Date "2017.04.22"]
[Round "6"]
[White "seattleblues"]
[Black "Striker3000"]
[Result "0-1"]
[WhiteElo "1301"]
[BlackElo "1425"]
[Opening "King's Indian, 3.Nf3"]
[ECO "E61"]
[Time "21:03:36"]
[TimeControl "2700+45"]

1. d4 Nf6 2. Nf3 g6 3. c4 Bg7 4. Nc3 O-O 5. Bf4 d6 6. e3 Nbd7 7. Be2 Qe8 8. O-O
e5 9. dxe5 dxe5 10. Bg5 h6 11. Bh4 g5 12. Bg3 Nh5 13. Nd5 Qd8 14. Qc2 c6 15. Nc3
Nxg3 16. fxg3 Qb6 17. Qc1 f5 18. Kh1 e4 19. Ng1 Ne5 20. Nd1 Be6 21. c5 Qc7 22.
Rb1 Bxa2 23. Ra1 Bb3 24. Ra3 Be6 25. b4 Rfd8 26. Nb2 Bd5 27. Rxf5 Rf8 28. Rxf8+
Rxf8 29. Rxa7 Rf2 30. Ra8+ Kh7 31. Nc4 Nd3 32. Bxd3 exd3 33. Nd2 Bxg2# {White
checkmated} 0-1

[Event "Team 45 45 League T72"]
[Site "Internet Chess Club"]
[Date "2017.04.22"]
[Round "6"]
[White "Uku"]
[Black "Conjurer"]
[Result "0-1"]
[WhiteElo "1208"]
[BlackElo "1251"]
[Opening "Sicilian: closed, 2...Nc6"]
[ECO "B23"]
[Time "13:04:42"]
[TimeControl "2700+45"]

1. e4 c5 2. Nc3 Nc6 3. Bc4 e6 4. Nf3 d6 5. d3 g6 6. O-O Bg7 7. Be3 Nge7 8. Qd2
O-O 9. Rad1 a6 10. a4 Qa5 11. d4 cxd4 12. Nxd4 Bd7 13. Nxc6 Bxc6 14. Qxd6 Bxc3
15. Qxe7 Bxb2 16. Bh6 Rfe8 17. Qd6 Qh5 18. Qb4 Bf6 19. Bf4 Bxe4 20. Bxa6 bxa6
21. Qxe4 Rad8 22. Qf3 Qf5 23. Bc7 Rc8 24. Qxf5 gxf5 25. Rd7 Re7 26. Rfd1 Rxc7
27. Rd8+ Kg7 28. R1d3 Rxc2 29. Rg3+ Kh6 30. Rh3+ Kg5 31. Rg8+ Kf4 32. Rf3+ Ke4
33. Re3+ Kd5 34. Rd8+ Kc6 35. Red3 Rc1+ 36. Rd1 Rxd1+ 37. Rxd1 Rd7 38. Rc1+ Kb6
39. Rb1+ Ka5 40. Ra1 Bxa1 {White resigns} 0-1

[Event "Team 45 45 League T72"]
[Site "Internet Chess Club"]
[Date "2017.04.19"]
[Round "6"]
[White "fireball"]
[Black "Heian"]
[Result "0-1"]
[WhiteElo "1591"]
[BlackElo "1706"]
[Opening "KGD: classical, 4.c3"]
[ECO "C30"]
[Time "18:02:59"]
[TimeControl "2700+45"]

1. e4 e5 2. f4 Bc5 3. Nf3 d6 4. c3 Bg4 5. h3 Bxf3 6. Qxf3 Nc6 7. Bc4 Qf6 8. Rf1
Qh4+ 9. g3 Qe7 10. b4 Bb6 11. b5 Nd8 12. fxe5 dxe5 13. Ba3 Qf6 14. Qxf6 Nxf6 15.
d3 Nd7 16. Nd2 Bc5 17. Bb2 O-O 18. Nb3 Bd6 19. Rf3 Nb6 20. Na5 Nxc4 21. Nxc4 Ne6
22. h4 g6 23. Nxd6 cxd6 24. Ba3 Rad8 25. Ke2 f5 26. Rd1 f4 27. d4 exd4 28. cxd4
fxg3 29. Rxg3 Rf4 30. Rc1 Rxe4+ 31. Kd3 Rxd4+ 32. Ke3 Rxh4 33. Rf1 Nd4 34. Kd3
Nxb5 35. Bb2 Rf8 36. Rxf8+ Kxf8 37. Rf3+ Ke8 38. Bg7 Rh5 39. Rf8+ Ke7 40. Rb8 b6
41. Rb7+ Ke6 42. a4 Rh3+ 43. Kc4 Na3+ 44. Kb4 a5# {White checkmated} 0-1

[Event "Team 45 45 League T72"]
[Site "Internet Chess Club"]
[Date "2017.04.20"]
[Round "6"]
[White "QuieroAprender"]
[Black "nidusin2"]
[Result "1-0"]
[WhiteElo "1582"]
[BlackElo "1540"]
[Opening "Pirc defense"]
[ECO "B07"]
[Time "22:03:47"]
[TimeControl "2700+45"]

1. e4 d6 2. d4 Nf6 3. Bd3 Nbd7 4. c4 e5 5. d5 Be7 6. Nc3 c6 7. Be3 Nf8 8. f4 Ng4
9. Bd2 Qb6 10. Qf3 Bh4+ 11. g3 Be7 12. f5 h5 13. h3 Nf6 14. b3 Bd7 15. Na4 Qc7
16. Rc1 g6 17. c5 N6h7 18. cxd6 Qxd6 19. Nc5 Bg5 20. Bxg5 Nxg5 21. Qe3 Qe7 22.
h4 Ngh7 23. Nf3 gxf5 24. exf5 f6 25. Nxd7 Qb4+ 26. Kf2 Nxd7 27. dxc6 bxc6 28.
Rxc6 Rg8 29. Rhc1 Nhf8 30. R1c4 Qa3 31. Ra4 Qe7 32. Bc4 Rg4 33. Rxa7 Rxa7 34.
Rc8+ {Black resigns} 1-0

[Event "Team 45 45 League T72"]
[Site "Internet Chess Club"]
[Date "2017.04.22"]
[Round "6"]
[White "Skeptic1972"]
[Black "armand068new"]
[Result "1-0"]
[WhiteElo "1539"]
[BlackElo "1534"]
[Opening "Sicilian: closed"]
[ECO "B23"]
[Time "14:02:24"]
[TimeControl "2700+45"]

1. e4 c5 2. Nc3 e6 3. g3 Nc6 4. Bg2 Nf6 5. d3 Be7 6. f4 d6 7. Nf3 e5 8. O-O Bg4
9. h3 Bxf3 10. Bxf3 Qd7 11. f5 O-O-O 12. Be3 g6 13. Bg2 Kb8 14. Qf3 Nd4 15. Bxd4
cxd4 16. Ne2 gxf5 17. Qxf5 Qb5 18. Nxd4 Qxb2 19. Nc6+ Kc7 20. Nxe7 Nd7 21. Nd5+
Kb8 22. Qf2 Rdf8 23. Rfb1 Qa3 24. Rb3 Qa6 25. Rab1 Nc5 26. R3b2 Rd8 27. d4 exd4
28. Qxd4 Ne6 29. Rxb7+ Qxb7 30. Rxb7+ Kxb7 31. Qb4+ Kc8 32. Bf1 Nc5 33. e5 Kd7
34. exd6 Rc8 35. Ne7 Kxd6 36. Nxc8+ Rxc8 37. Qd4+ Ke7 38. Qe5+ Ne6 39. Bd3 Rc5
40. Qb8 Rg5 41. Qxa7+ Kf6 42. Qf2+ Kg7 43. Bc4 Rg6 44. Bxe6 Rxe6 45. Qd4+ Kf8
46. Qd8+ Kg7 47. Qg5+ Kf8 48. Kf2 h6 49. Qf4 Ke7 50. Qe3 Kd6 51. Qxe6+ fxe6 52.
Ke3 e5 53. Ke4 Ke6 {Black resigns} 1-0

[Event "Team 45 45 League T72"]
[Site "Internet Chess Club"]
[Date "2017.04.20"]
[Round "6"]
[White "zap2"]
[Black "AdithJosh"]
[Result "1-0"]
[WhiteElo "1808"]
[BlackElo "1641"]
[Opening "Benko's opening"]
[ECO "A00"]
[Time "17:38:55"]
[TimeControl "2700+45"]

1. g3 d5 2. Bg2 Nf6 3. Nf3 Bg4 4. d3 c6 5. Nbd2 Nbd7 6. O-O e5 7. e4 Bd6 8. h3
Bh5 9. Re1 Bg6 10. exd5 cxd5 11. Nxe5 Bxe5 12. f4 Nh5 13. fxe5 Qb6+ 14. Kh2 Qf2
15. Nf1 Qd4 16. e6 Ndf6 17. exf7+ Kxf7 18. Be3 Qb4 19. Bd2 Qd6 20. Qf3 Rhf8 21.
Bf4 Nxf4 22. Qxf4 Qd7 23. Re5 Kg8 24. Qd4 Rad8 25. Rae1 Rf7 26. Ne3 Re7 27. Nxd5
Rxe5 28. Rxe5 Qd6 29. Nxf6+ Qxf6 30. Bd5+ Kh8 31. Qf4 Qd6 32. Be4 Rf8 33. Rd5
Qb4 34. Qd6 Qd2+ 35. Bg2 Re8 36. Qc7 Re2 37. Rd8+ Be8 38. Qxb7 Qxc2 39. Qa8 Qa4
40. Qf3 Rxg2+ 41. Qxg2 h6 42. Qe2 {Black resigns} 1-0

[Event "Team 45 45 League T72"]
[Site "Internet Chess Club"]
[Date "2017.04.20"]
[Round "6"]
[White "viktory"]
[Black "idjit"]
[Result "1-0"]
[WhiteElo "1655"]
[BlackElo "1609"]
[Opening "Bogo-Indian defense, Grünfeld variation"]
[ECO "E11"]
[Time "13:01:21"]
[TimeControl "2700+45"]

1. d4 Nf6 2. c4 e6 3. Nf3 Bb4+ 4. Nbd2 c5 5. a3 Bxd2+ 6. Bxd2 cxd4 7. Nxd4 Qb6
8. Bc3 Ne4 9. Qc2 Nxc3 10. Qxc3 d6 11. e3 Nc6 12. Nxc6 Qxc6 13. Qxg7 Rf8 14.
Qxh7 {Black resigns} 1-0

[Event "Team 45 45 League T72"]
[Site "Internet Chess Club"]
[Date "2017.04.20"]
[Round "6"]
[White "Kingofknights"]
[Black "Bizzy-Ketty"]
[Result "1/2-1/2"]
[WhiteElo "1503"]
[BlackElo "1569"]
[Opening "Nimzo-Indian: 4.e3"]
[ECO "E40"]
[Time "19:30:10"]
[TimeControl "2700+45"]

1. d4 Nf6 2. c4 e6 3. Nc3 Bb4 4. e3 Bxc3+ 5. bxc3 O-O 6. c5 d6 7. cxd6 cxd6 8.
Nf3 b6 9. Bd3 Bb7 10. O-O Qc7 11. c4 Nbd7 12. Bb2 Rac8 13. Qe2 Rfe8 14. e4 Qb8
15. Rac1 Nf8 16. e5 dxe5 17. Nxe5 Qd6 18. f4 N8d7 19. Qe3 Qe7 20. Rfe1 Red8 21.
g4 Nxe5 22. Qxe5 Nxg4 23. Qh5 Nf6 24. Qg5 h6 25. Qh4 Qd6 26. Re3 Kh8 27. Rg3 Be4
28. Bxe4 Nxe4 29. Rg2 Kh7 30. f5 exf5 31. d5 Rg8 32. Qh5 Qd7 33. Qe2 Rce8 34.
Qd3 Qd6 35. Qd4 Qc5 36. a4 Qxd4+ 37. Bxd4 Rc8 38. a5 Nd6 39. axb6 axb6 40. Bxb6
Nxc4 41. Bd4 f6 42. Rf2 Nd6 43. Rc6 Rxc6 44. dxc6 Rc8 45. Rc2 Nb5 46. Bb6 Nc7
47. Bf2 Na6 48. Rc3 Kg6 49. Bg3 Nc7 50. Kf2 Kf7 51. Rd3 Ke8 52. Rd7 Nb5 53. Rxg7
Rxc6 54. Rh7 Nd6 {Game drawn by mutual agreement} 1/2-1/2

[Event "Team 45 45 League T72"]
[Site "Internet Chess Club"]
[Date "2017.04.23"]
[Round "6"]
[White "EFXBT"]
[Black "drsigmund1"]
[Result "1-0"]
[WhiteElo "1539"]
[BlackElo "1415"]
[Opening "French: Winawer (Nimzovich) variation"]
[ECO "C15"]
[Time "18:01:45"]
[TimeControl "2700+45"]

1. d4 e6 2. e4 d5 3. Nc3 Bb4 4. exd5 exd5 5. Bd3 Nf6 6. Ne2 Bg4 7. f3 Bh5 8. O-O
Nbd7 9. Nf4 Nb6 10. Re1+ Be7 11. Nxh5 Nxh5 12. Qe2 Nf6 13. Bg5 Nc8 14. Bxf6 gxf6
15. Qd2 O-O 16. Qh6 {Black resigns} 1-0

[Event "Team 45 45 League T72"]
[Site "Internet Chess Club"]
[Date "2017.04.19"]
[Round "6"]
[White "fishhead"]
[Black "cityprosecutor"]
[Result "0-1"]
[WhiteElo "1671"]
[BlackElo "1704"]
[Opening "Pirc: Austrian attack, dragon formation"]
[ECO "B07"]
[Time "18:18:43"]
[TimeControl "2700+45"]

1. e4 d6 2. f4 Nf6 3. Nc3 g6 4. Nf3 Bg7 5. d4 c5 6. dxc5 Qa5 7. Bd3 Qxc5 8. Qe2
O-O 9. Be3 Qb4 10. O-O-O Nxe4 11. a3 Nxc3 12. axb4 Nxe2+ 13. Bxe2 b6 14. Rhe1
Bb7 15. g4 Na6 16. c3 Rac8 17. Kb1 Nc7 18. f5 Nd5 19. Bd4 Nf4 20. Bxg7 Kxg7 21.
Nd4 Ng2 22. Rg1 Ne3 23. Rde1 Ng2 24. Rc1 Nf4 25. Rce1 e5 26. fxe6 fxe6 27. Bf1
e5 28. Nb5 Rfd8 29. Nxa7 Ra8 30. Nb5 Ra4 31. Bc4 e4 32. Rgf1 g5 33. h4 h6 34.
Nd4 Kh7 35. hxg5 hxg5 36. Nf5 d5 37. Rh1+ Kg8 38. Bb3 Raa8 39. Rxe4 Re8 40. Re7
Rxe7 41. Nxe7+ Kg7 42. Nf5+ Kg8 43. Rh6 Bc8 44. Rd6 Bxf5+ 45. gxf5 g4 46. Bxd5+
Nxd5 47. Rxd5 Kf7 48. Rd3 Rc8 49. Kc2 Kf6 50. Kd2 Kxf5 51. Ke3 Re8+ 52. Kf2 Rh8
53. Kg2 Kf4 54. Rd4+ Kg5 55. Rd6 Re8 56. Rxb6 Re2+ 57. Kg3 Re3+ 58. Kf2 Rf3+ 59.
Kg2 Kh4 60. Rh6+ Kg5 61. Rh8 Rd3 62. Rf8 Kh4 63. Rf2 Rg3+ 64. Kh2 Rd3 65. Re2
Rh3+ 66. Kg2 Rg3+ 67. Kh1 Rf3 68. b5 Kh3 69. Rh2+ Kg3 70. Rg2+ Kh3 71. c4 g3 72.
Kg1 Rd3 73. Kf1 Rd1+ 74. Ke2 Kxg2 75. Kxd1 Kh1 76. Kc2 g2 77. c5 g1=Q 78. b4 Qd4
79. Kb3 Kg2 80. b6 Qd5+ 81. Ka4 Qc6+ 82. Ka5 Kf3 83. Ka6 Ke4 84. Ka7 Qa4+ 85.
Kb7 Kd5 {White resigns} 0-1

[Event "Team 45 45 League T72"]
[Site "Internet Chess Club"]
[Date "2017.04.23"]
[Round "6"]
[White "seattleblues"]
[Black "Constrictor"]
[Result "0-1"]
[WhiteElo "1295"]
[BlackElo "1567"]
[Opening "QGD semi-Slav: Meran variation"]
[ECO "D47"]
[Time "20:23:20"]
[TimeControl "2700+45"]

1. d4 c6 2. Nf3 d5 3. e3 Nf6 4. c4 e6 5. Nc3 Nbd7 6. Bd3 dxc4 7. Bxc4 b5 8. Bb3
b4 9. Ne2 Bb7 10. O-O Be7 11. Ng3 O-O 12. Bd2 c5 13. Rc1 a5 14. Re1 Qb6 15. Bc2
Rfd8 16. Bd3 cxd4 17. Nxd4 Nc5 18. Be2 Nce4 19. Nxe4 Nxe4 20. Nf3 Rd7 21. Ne5
Rxd2 {White resigns} 0-1

[Event "Team 45 45 League T72"]
[Site "Internet Chess Club"]
[Date "2017.04.22"]
[Round "6"]
[White "Hal2001"]
[Black "vic20gt"]
[Result "1-0"]
[WhiteElo "1615"]
[BlackElo "1309"]
[Opening "French: Two knights variation"]
[ECO "C00"]
[Time "08:00:10"]
[TimeControl "2700+45"]

1. e4 e6 2. Nc3 d5 3. Nf3 d4 4. Ne2 c5 5. c3 Nf6 6. e5 Nfd7 7. cxd4 cxd4 8.
Nexd4 Nxe5 9. Bb5+ Nec6 10. Qa4 Bd7 11. Nxc6 Nxc6 12. O-O a6 13. Bxc6 Bxc6 14.
Qg4 g6 15. d4 Bxf3 16. Qxf3 b5 17. Qc6+ Ke7 18. Bg5+ f6 19. Rfe1 fxg5 20. Qxe6#
{Black checkmated} 1-0

[Event "Team 45 45 League T72"]
[Site "Internet Chess Club"]
[Date "2017.04.23"]
[Round "6"]
[White "ascoli"]
[Black "bradleyguo175"]
[Result "1-0"]
[WhiteElo "1701"]
[BlackElo "1596"]
[Opening "King's Indian: Sämisch, orthodox variation"]
[ECO "E85"]
[Time "09:00:15"]
[TimeControl "2700+45"]

1. d4 Nf6 2. c4 g6 3. f3 Bg7 4. e4 d6 5. Nc3 O-O 6. Be3 e5 7. Nge2 Nbd7 8. Qd2
c6 9. d5 cxd5 10. cxd5 a6 11. g4 h5 12. g5 Nh7 13. Rg1 f6 14. gxf6 Rxf6 15.
O-O-O b5 16. a3 Nc5 17. Kb1 Nb3 18. Qc2 Na5 19. f4 Nc4 20. Bc1 Bg4 21. f5 gxf5
22. h3 Bxe2 23. Bxe2 f4 24. Bxh5 Rh6 25. Qg2 Qf6 26. Qg4 Qf8 27. Bg6 Re8 28.
Bxe8 {Black resigns} 1-0

[Event "Team 45 45 League T72"]
[Site "Internet Chess Club"]
[Date "2017.04.24"]
[Round "6"]
[White "pokerram"]
[Black "Portola"]
[Result "0-1"]
[WhiteElo "1605"]
[BlackElo "1768"]
[Opening "Catalan: closed, main line"]
[ECO "E09"]
[Time "14:00:22"]
[TimeControl "2700+45"]

1. Nf3 d5 2. d4 Nf6 3. c4 e6 4. g3 Be7 5. Qc2 c6 6. Bg2 O-O 7. Nbd2 Nbd7 8. O-O
Qc7 9. e4 dxe4 10. Nxe4 Nxe4 11. Qxe4 Bf6 12. Qc2 Qb6 13. Be3 Qa6 14. Rfc1 Re8
15. c5 Be7 16. Bf1 Qa5 17. a3 Nf6 18. b4 Qd8 19. Ng5 g6 20. Ne4 Nd5 21. Nc3 Nxc3
22. Qxc3 Bf6 23. Qd2 e5 24. dxe5 Bxe5 25. Qxd8 Rxd8 26. Rd1 Be6 27. Rxd8+ Rxd8
28. Re1 Bc3 29. Rc1 Bb2 30. Re1 Bxa3 31. b5 cxb5 32. Bxb5 a6 33. Be2 Bb4 34. Rb1
a5 35. Bf3 Rd7 36. c6 bxc6 37. Bxc6 Rd6 38. Ba4 Kg7 39. Bf4 Rd3 40. Bb5 Rb3 41.
Rd1 Bf5 42. Ba4 Rb1 43. Rxb1 Bxb1 44. Be5+ f6 45. Bb2 Ba2 46. Kg2 Kf7 47. Kf3
Bd5+ 48. Ke2 Bc5 49. Bc3 Bb6 50. Be1 Ke6 51. Kd3 Kf5 52. Bd1 h5 53. f4 Bg2 54.
h4 Bd5 55. Kc3 Bc5 56. Kd3 Bb4 57. Bf2 Ke6 58. Ba4 Kf5 59. Kd4 Bf7 60. Bd7+ Be6
61. Ba4 Kg4 62. Bb5 Kf3 63. Be3 Kxg3 64. Ba4 Kxh4 65. Ke4 Kg3 66. Bd1 h4 67. Bf3
Bf5+ {White resigns} 0-1

[Event "Team 45 45 League T72"]
[Site "Internet Chess Club"]
[Date "2017.04.22"]
[Round "6"]
[White "kingphisch"]
[Black "g8wrb"]
[Result "0-1"]
[WhiteElo "1393"]
[BlackElo "1259"]
[Opening "Vienna game"]
[ECO "C26"]
[Time "15:00:40"]
[TimeControl "2700+45"]

1. e4 Nf6 2. Nc3 e5 3. Bc4 b6 4. Nf3 Nc6 5. d3 Bb7 6. O-O Bc5 7. Bg5 O-O 8. Nd5
Be7 9. Nxe7+ Qxe7 10. Rc1 Na5 11. Bb3 Nxb3 12. axb3 Qd6 13. Re1 h6 14. Bh4 c5
15. Bg3 Rfe8 16. Qd2 Nh5 17. Qe3 Nxg3 18. hxg3 Qf6 19. Rf1 d5 20. Nh2 dxe4 21.
dxe4 Rad8 22. Qf3 Qc6 23. Rfe1 Rd4 24. Nf1 Rxe4 25. Rxe4 Qxe4 26. Qxe4 Bxe4 27.
f3 Bc6 28. Nd2 Rd8 29. Nc4 f6 30. Ne3 Kf7 31. Kf2 g6 32. g4 Ke6 33. Rh1 Rh8 34.
Rd1 h5 35. Nc4 Bd5 36. Ne3 Bb7 37. Nc4 Ke7 38. gxh5 Rxh5 39. Nd6 Ba6 40. Ne4 Rh8
41. c4 Bb7 42. Nc3 Rd8 43. Ke3 Rxd1 44. Nxd1 f5 45. g3 g5 46. Nf2 Kf6 47. Nd3 e4
48. fxe4 Bxe4 49. Nc1 Ke5 50. Kd2 f4 51. gxf4+ gxf4 52. Ke2 Kd4 53. Kf2 Bc2 54.
Kf3 Ke5 55. Ke2 Kd4 56. Kf3 Ke5 57. Ke2 Ke4 58. Kf2 Bd3 59. Na2 Bc2 60. Nc1 a6
61. Ke2 f3+ 62. Kf2 Bd3 63. Na2 Bc2 64. b4 a5 65. bxa5 bxa5 66. Nc3+ Kf4 67.
Nd5+ Ke4 68. Nc3+ Kd4 69. Kxf3 Kxc4 70. Ke3 Kb3 71. Kd2 Kxb2 72. Nb5 c4 73. Nc3
a4 74. Nb5 Bb3 75. Nc3 a3 {White resigns} 0-1

[Event "Team 45 45 League T72"]
[Site "Internet Chess Club"]
[Date "2017.04.18"]
[Round "6"]
[White "Constrictor"]
[Black "mongmong"]
[Result "1/2-1/2"]
[WhiteElo "1561"]
[BlackElo "1511"]
[Opening "Réti opening"]
[ECO "A04"]
[Time "20:01:24"]
[TimeControl "2700+45"]

1. Nf3 e6 2. b3 Nf6 3. Bb2 c5 4. e3 d5 5. Bb5+ Nbd7 6. O-O Bd6 7. d3 O-O 8. Nbd2
Nb6 9. d4 Bd7 10. Bxd7 Nbxd7 11. Ne5 cxd4 12. Nxd7 Nxd7 13. Bxd4 Be5 14. Nf3
Bxd4 15. Qxd4 a6 16. c4 dxc4 17. Qxc4 Nf6 18. Rfd1 Qb6 19. Rac1 h6 20. Qc5 Qxc5
21. Rxc5 Rac8 22. Rdc1 Rxc5 23. Rxc5 Rd8 24. h3 Rd6 25. Rc7 b5 {Game drawn by
mutual agreement} 1/2-1/2

[Event "Team 45 45 League T72"]
[Site "Internet Chess Club"]
[Date "2017.04.22"]
[Round "6"]
[White "smsxman"]
[Black "guyd52"]
[Result "1-0"]
[WhiteElo "1294"]
[BlackElo "1292"]
[Opening "Pirc: classical (two knights) system"]
[ECO "B08"]
[Time "06:00:39"]
[TimeControl "2700+45"]

1. e4 d6 2. d4 Nf6 3. Nc3 g6 4. Nf3 Bg7 5. Bc4 e6 6. O-O b6 7. Bb3 Bb7 8. Bg5
Qd7 9. e5 Nd5 10. exd6 Nxc3 11. bxc3 cxd6 12. c4 Ba6 13. c3 O-O 14. Rb1 Rc8 15.
Nd2 d5 16. Qe2 b5 17. cxd5 b4 18. dxe6 Bxe2 19. exd7 Nxd7 20. Rfe1 Bd3 21. Rbc1
h6 22. Re7 bxc3 23. Nf3 Bc4 24. Rxd7 Bxb3 25. axb3 hxg5 26. Nxg5 Bh6 27. f4 a5
28. g3 f5 29. Ne6 Rab8 30. Nc5 Bf8 31. Rxc3 Bg7 32. Rc4 Re8 33. Kf2 Kh7 34. d5
Kh6 35. Ra7 Rec8 36. Ne6 Rxc4 37. bxc4 Rb2+ 38. Kf3 Rb3+ 39. Kg2 Rb2+ 40. Kh3
Bc3 41. Ra8 Rb4 42. c5 a4 43. d6 Rd4 44. Rh8# {Black checkmated} 1-0

[Event "Team 45 45 League T72"]
[Site "Internet Chess Club"]
[Date "2017.04.22"]
[Round "6"]
[White "tamky70"]
[Black "stantheman59"]
[Result "1-0"]
[WhiteElo "1349"]
[BlackElo "1248"]
[Opening "Petrov three knights game"]
[ECO "C26"]
[Time "19:04:13"]
[TimeControl "2700+45"]

1. e4 e5 2. Nc3 Nf6 3. Nf3 d6 4. d3 Nc6 5. Be2 h6 6. Bd2 Be6 7. a3 a6 8. h3 Be7
9. Be3 d5 10. exd5 Nxd5 11. Nxd5 Bxd5 12. O-O Bxf3 13. Bxf3 Bg5 14. Bxc6+ bxc6
15. Qf3 Qd5 16. Qg4 Qe6 17. Qxe6+ fxe6 18. Bxg5 hxg5 19. Rae1 g4 20. Rxe5 gxh3
21. g3 Ke7 22. Kh2 Raf8 23. f4 Kd6 24. Rfe1 Rf6 25. R1e4 c5 26. Ra4 Rf5 27.
Rxa6+ Kd7 28. Ra5 Rxe5 29. fxe5 Kc6 30. c4 g5 31. Ra6+ Kd7 32. b4 g4 33. bxc5 c6
34. Ra7+ {Black resigns} 1-0

[Event "Team 45 45 League T72"]
[Site "Internet Chess Club"]
[Date "2017.04.25"]
[Round "6"]
[White "kwen2008"]
[Black "chuckh2"]
[Result "1-0"]
[WhiteElo "1571"]
[BlackElo "1462"]
[Opening "French: Rubinstein variation"]
[ECO "C03"]
[Time "19:00:17"]
[TimeControl "2700+45"]

1. e4 e6 2. d4 d5 3. Nd2 dxe4 4. Nxe4 Nd7 5. Nf3 Ngf6 6. Nxf6+ Nxf6 7. Bc4 Be7
8. O-O O-O 9. Bf4 b6 10. Ne5 Bb7 11. Qe2 Qxd4 12. Bg3 Qe4 13. Qxe4 Bxe4 14. c3
a5 15. Rfe1 Rfd8 16. Bh4 Bb7 17. Re3 Rd2 18. Nd3 h6 19. Bg3 Ne4 20. Bf4 Bd6 21.
Rxe4 Bxe4 22. Bxd2 c6 23. Nf4 Rd8 24. Re1 Bf5 25. Be3 Bc7 26. Ne2 b5 27. Bb3 a4
28. Bd1 Ba5 29. Nd4 Rc8 30. Nxf5 exf5 31. Bf3 Kf8 32. Rd1 Ke8 33. Rd6 Ke7 34.
Rxc6 Rxc6 35. Bxc6 b4 36. Bc5+ Ke6 37. cxb4 Bc7 38. b5 Be5 39. b3 axb3 40. axb3
Bd6 41. Ba7 Bc7 42. b6 Bxb6 43. Bxb6 Kd6 44. Bf3 Kd7 45. Kf1 Kc8 46. Ke2 g6 47.
Ba7 g5 48. b4 g4 49. Bd5 Kc7 50. b5 Kd6 51. Ba8 h5 52. b6 h4 53. b7 Ke6 54. b8=Q
Kf6 55. Bd4+ Kg6 56. Qg8+ Kh6 57. Qg7+ Kh5 58. Bf6 g3 59. Qg5# {Black
checkmated} 1-0

[Event "Team 45 45 League T72"]
[Site "Internet Chess Club"]
[Date "2017.04.21"]
[Round "6"]
[White "bmw2002"]
[Black "tuotuo123"]
[Result "0-1"]
[WhiteElo "1451"]
[BlackElo "1526"]
[Opening "English: Anglo-Grünfeld, Smyslov defense"]
[ECO "A15"]
[Time "21:02:47"]
[TimeControl "2700+45"]

1. c4 Nf6 2. g3 g6 3. Bg2 d5 4. cxd5 Nxd5 5. Nc3 Nxc3 6. bxc3 Bg7 7. Nf3 Nc6 8.
O-O Bd7 9. Rb1 Rb8 10. Bb2 O-O 11. d3 e5 12. Nd2 Be6 13. a4 Qd7 14. Ba3 Rfe8 15.
Ne4 Bh3 16. Nc5 Qc8 17. Rb5 Bxg2 18. Kxg2 a6 19. Rb3 b6 20. Ne4 Na5 21. Rb2 Qb7
22. Kg1 f5 23. Nd2 h5 24. Bb4 Qa8 25. e4 c5 26. Bxa5 bxa5 27. Rxb8 Rxb8 28. exf5
gxf5 29. Qxh5 f4 30. Ne4 Qd5 31. Qf3 Qb3 32. Nxc5 Qxc3 33. Qd5+ Kh8 34. Ne6 Rg8
35. Rb1 Qc2 36. Rb7 Qd1+ 37. Kg2 Bf6 38. Qe4 Qh5 39. Ra7 Re8 40. Nc5 Rg8 41.
Rxa6 Bg7 42. Rxa5 Rf8 43. Ne6 f3+ 44. Kf1 Qh3+ 45. Ke1 Qxe6 46. Rxe5 {White
resigns} 0-1

[Event "Team 45 45 League T72"]
[Site "Internet Chess Club"]
[Date "2017.04.22"]
[Round "6"]
[White "sdk"]
[Black "BrerRabbit"]
[Result "1-0"]
[WhiteElo "1499"]
[BlackElo "1362"]
[Opening "English opening"]
[ECO "A10"]
[Time "19:01:14"]
[TimeControl "2700+45"]

1. c4 d6 2. Nc3 e5 3. Nf3 f5 4. d4 e4 5. Nd2 Nf6 6. e3 c5 7. Be2 cxd4 8. exd4
Be7 9. Nb3 O-O 10. d5 Nbd7 11. Nd4 Ne5 12. O-O a6 13. a4 Bd7 14. a5 Rc8 15. b3
Ne8 16. f3 exf3 17. Bxf3 Nxf3+ 18. Qxf3 g6 19. Ne6 Bxe6 20. dxe6 Bf6 21. Nd5
Bxa1 22. e7 Qxa5 23. exf8=Q+ Kxf8 24. g4 Ng7 25. Bh6 Bd4+ 26. Kh1 Re8 27. gxf5
Kf7 28. fxg6+ Kxg6 29. Rg1+ Kxh6 30. Qf4+ Kh5 31. Qg5# {Black checkmated} 1-0

[Event "Team 45 45 League T72"]
[Site "Internet Chess Club"]
[Date "2017.04.21"]
[Round "6"]
[White "QuieroAprender"]
[Black "Ajolote"]
[Result "1-0"]
[WhiteElo "1605"]
[BlackElo "1712"]
[Opening "Scotch gambit: Benima defense"]
[ECO "C50"]
[Time "20:08:52"]
[TimeControl "2700+45"]

1. e4 e5 2. Nf3 Nc6 3. Bc4 Be7 4. d4 exd4 5. Nxd4 Ne5 6. Bb3 d6 7. f4 Ng6 8. O-O
Nf6 9. Nc3 O-O 10. f5 Ne5 11. Nf3 Nfd7 12. Nd5 Nxf3+ 13. Qxf3 Ne5 14. Qh5 Nd7
15. Be3 Nf6 16. Nxe7+ Qxe7 17. Bg5 Nxh5 18. Bxe7 Re8 19. f6 gxf6 20. Bxf6 Rxe4
21. Bd8 Be6 22. Bxc7 Rc8 23. Bxd6 Bxb3 24. cxb3 Rc2 25. Rae1 Ree2 26. Rxe2 Rxe2
27. g4 Ng7 28. Rf2 Re4 29. Rf4 Re1+ 30. Kg2 Ne6 31. Rf1 Re4 32. h3 Ng5 33. Bg3
Kg7 34. Re1 Rxe1 35. Bxe1 Kf6 36. Bh4 h6 37. b4 b5 38. b3 Ke5 39. Bxg5 hxg5 40.
Kg3 Ke4 41. h4 gxh4+ 42. Kxh4 f6 43. Kg3 Ke3 44. a4 a6 45. Kh4 Ke4 46. Kh5 Ke5
47. Kg6 Ke6 48. Kg7 f5 49. gxf5+ Kxf5 50. Kf7 Ke5 51. Ke7 Kd4 52. Kd6 Kc3 53.
axb5 axb5 54. Kc5 {Black resigns} 1-0